 Dungeon Crawl Stone Soup version 0.23.2-33-g5129a83184 (webtiles) character file.

Game seed: 10784676010461430714

53 FishyPogo the Stinger (level 3, -4/27 HPs)
             Began as a Draconian Venom Mage on July 26, 2019.
             Slain by a gnoll
             ... wielding a +0 halberd
              (11 damage)
             ... on level 2 of the Dungeon.
             The game lasted 00:08:45 (1144 turns).

FishyPogo the Stinger (Draconian Venom Mage)        Turns: 1144, Time: 00:08:46

Health: -4/27      AC:  5    Str: 10    XL:     3   Next: 62%
Magic:  0/6        EV: 12    Int: 16    God:
Gold:   63         SH:  0    Dex: 11    Spells: 5/6 levels left

rFire    + . .     SeeInvis .   i - +1 hand axe (venom)
rCold    + . .     Gourm    .   (no shield)
rNeg     . . .     Faith    .   (armour unavailable)
rPois    .         Spirit   .   (helmet restricted)
rElec    .         Reflect  .   c - scarf {rC+ rF+}
rCorr    .         Harm     .   (no gloves)
MR       .....                  (no boots)
Stlth    ++........             (no amulet)
HPRegen  0.09/turn              (no ring)
MPRegen  0.10/turn              (no ring)

@: very slightly contaminated
A: unfitting armour, cold-blooded, AC +5
a: no special abilities


You were on level 2 of the Dungeon.
You were not hungry.

You visited 1 branch of the dungeon, and saw 2 of its levels.

You collected 63 gold pieces.

Inventory:

Hand Weapons
 a - a +0 whip
 i - a +1 hand axe of venom (weapon)
Armour
 c - a scarf of resistance (worn)
Scrolls
 d - a scroll of remove curse {unknown}
 e - a scroll of identify {unknown}
 f - a scroll of teleportation {unknown}
Potions
 g - a potion of haste {unknown}
 h - a potion of curing {unknown}
Comestibles
 b - 3 rations
 j - a chunk of flesh


   Skills:
 + Level 0.5 Fighting
 * Level 0.6(0.7) Axes
 - Level 0.3(0.5) Maces & Flails
 * Level 2.1 Dodging
 + Level 2.0 Stealth
 * Level 2.4 Spellcasting
 + Level 1.2 Conjurations
 + Level 3.5 Poison Magic


You had 5 spell levels left.
You knew the following spells:

 Your Spells              Type           Power        Failure   Level  Hunger
a - Sting                 Conj/Pois      #...         8%          1    #......

Your spell library contained the following spells:

 Spells                   Type           Power        Failure   Level  Hunger
 Poisonous Vapours        Pois/Air       #.....       14%         2    ###....
 Mephitic Cloud           Conj/Pois/Air  #.......     30%         3    ###....
 Olgreb's Toxic Radiance  Pois           ##......     41%         4    #####..
 Venom Bolt               Conj/Pois      #.........   90%         5    ######.


Dungeon Overview and Level Annotations

Branches:
Dungeon (2/15)

Altars:


Innate Abilities, Weirdness & Mutations

Your plain brown scales are hard. (AC +5)
You cannot fit into any form of body armour.
You are cold-blooded and may be slowed by cold attacks.


Message History

The gnoll shouts!
Your magical contamination has completely faded away.
The gnoll barely misses you. The gnoll misses you.
You hit the gnoll.
The gnoll is poisoned.
The gnoll is lightly wounded.
The gnoll hits you with a +0 halberd!
* * * LOW HITPOINT WARNING * * *
You closely miss the gnoll.
The gnoll is lightly wounded.
The gnoll closely misses you.
Casting: Sting (safe; 8% risk of failure)
Confirm with . or Enter, or press ? or * to list all spells.
Aiming: Sting (safe; 8% risk of failure)
Press: ? - help, Shift-Dir - straight line, f/p - gnoll
Aim: a gnoll, wielding a +0 halberd (moderately wounded, poisoned)
You miscast Sting.
You are very lightly contaminated with residual magic.
You feel weak for a moment. The gnoll hits you with a +0 halberd!
You die...

..........#.#
....#.....#.#
##. #.....#.#
###.###.###
#.#.g...#
#.#.# #.#
#..g# #.#
#.#)###.#
#.#..g@.#
#.####### #.#
#.# #.# #.


You could see a gnoll.

Vanquished Creatures
  2 gnolls (D:2)
  A dart slug (D:1)
  2 leopard geckos (D:1)
  2 giant cockroaches (D:1)
  A goblin (D:1)
  2 hobgoblins (D:1)
  6 jackals (D:1)
  3 kobolds
  A quokka (D:2)
  2 bats (D:1)
  7 rats
29 creatures vanquished.

Notes
Turn   | Place    | Note
-------+----------+-------------------------------------------
     0 | D:1      | FishyPogo the Draconian Venom Mage began the quest for the
                  | Orb.
     0 | D:1      | Reached XP level 1. HP: 14/14 MP: 3/3
   140 | D:1      | Reached XP level 2. HP: 15/20 MP: 1/5
   636 | D:1      | Reached XP level 3. HP: 27/27 MP: 1/6
  1144 | D:2      | Slain by a gnoll

Skill      XL: |  1  2  3 |
---------------+----------+-----
Dodging        | 2 |  2.1
Stealth        | 2 |  2.0
Fighting       | |  0.5
Axes           | |  0.6
Maces & Flails | |  0.3
Spellcasting   | |  2.4
Conjurations   | |  1.2
Poison Magic   | |  3.5

Action                   || total
-------------------------++-------
Melee: Whip              ||    26
       Tailslap          ||     3
       Hand axe          ||     7
 Cast: Sting             ||    46
  Eat: Chunk             ||     1
Armor: Skin              ||    13
Dodge: Dodged            ||    37
